 Dungeon Crawl Stone Soup version 0.21-a0-582-g1b93aee (webtiles) character file.

795 teukkam the Fighter (level 7, -6/63 (64) HPs)
             Began as a Gnoll Wanderer on Dec 19, 2017.
             Was a Follower of Wu Jian.
             Killed from afar by Ijyb (12 damage)
             ... with a wand of acid (1)
             ... on level 5 of the Dungeon.
             The game lasted 00:16:39 (4356 turns).

teukkam the Fighter (Gnoll Wanderer)                Turns: 4356, Time: 00:16:39

HP:   -6/63 (64)    AC:  6    Str: 20    XL:     7   Next: 89%
MP:   11/11         EV:  9    Int: 13    God:    Wu Jian [*.....]
Gold: 127           SH:  0    Dex: 12    Spells: 11/11 levels left

rFire    . . .     SeeInvis .   b - +0 hand axe
rCold    . . .     Gourm    .   (no shield)
rNeg     . . .     Faith    .   n - +0 chain mail
rPois    .         Spirit   .   (no helmet)
rElec    .         Reflect  .   (no cloak)
rCorr    .         Harm     .   (no gloves)
MR       .....                  (no boots)
Stlth    ..........             (no amulet)
HPRegen  0.20/turn              r - -3 ring of protection (curse)
MPRegen  0.12/turn              (no ring)

@: no status effects
A: distributed training, fangs 1, strong nose
a: Renounce Religion


You were on level 5 of the Dungeon.
You worshipped Wu Jian.
Wu Jian was aware of your devotion.
You were not hungry.

You visited 1 branch of the dungeon, and saw 5 of its levels.

You collected 127 gold pieces.

Inventory:

Hand Weapons
 a - a +3 shortbow
 b - a +0 hand axe (weapon)
 q - a +0 club
Missiles
 c - 102 arrows
 o - 56 sling bullets
 s - 2 javelins (quivered)
Armour
 f - a +0 shield
 n - a +0 chain mail (worn)
Jewellery
 h - an uncursed amulet of regeneration {unknown}
 r - a cursed -3 ring of protection (left hand)
Scrolls
 e - 2 scrolls of identify
 i - 2 scrolls of enchant armour {unknown}
 k - a scroll of enchant weapon {unknown}
 l - a scroll of fog {unknown}
 m - a scroll of immolation {unknown}
Potions
 d - 3 potions of curing
 p - a potion of haste {unknown}
Comestibles
 g - 6 rations


   Skills:
 + Level 9.0 Fighting
 + Level 2.7 Short Blades
 + Level 2.7 Long Blades
 + Level 3.8 Axes
 + Level 2.7 Maces & Flails
 + Level 2.7 Polearms
 + Level 2.7 Staves
 + Level 2.7 Slings
 + Level 3.8 Bows
 + Level 2.7 Crossbows
 + Level 2.7 Throwing
 + Level 5.3 Armour
 + Level 2.7 Dodging
 + Level 2.7 Stealth
 + Level 5.3 Shields
 + Level 2.7 Unarmed Combat
 + Level 2.7 Spellcasting
 + Level 2.2 Conjurations
 + Level 2.2 Hexes
 + Level 2.2 Charms
 + Level 2.2 Summonings
 + Level 2.2 Necromancy
 + Level 2.2 Translocations
 + Level 2.2 Transmutations
 + Level 2.2 Fire Magic
 + Level 2.2 Ice Magic
 + Level 2.2 Air Magic
 + Level 2.2 Earth Magic
 + Level 2.2 Poison Magic
 + Level 3.0 Invocations
 + Level 2.7 Evocations


You had 11 spell levels left.
You didn't know any spells.

Dungeon Overview and Level Annotations

Branches:
Dungeon (5/15)
 Temple: D:4-7

Altars:
Ashenzari
Fedhas
Kikubaaqudgha
Nemelex Xobeh
Okawaru
Uskayaw
Wu Jian

Annotations:
D:4 Sigmund
D:5 Ijyb


Innate Abilities, Weirdness & Mutations

Your experience applies equally to all skills.
You have very sharp teeth.
Your uncanny sense of smell can sniff out nearby items.


Message History

Ijyb is moderately wounded.
Ijyb closely misses you.
An orc wizard comes into view. It is wielding a dagger.
You hit Ijyb but do no damage.
Ijyb is moderately wounded.
Ijyb barely misses you. Ijyb hits you.
You closely miss Ijyb.
Ijyb is moderately wounded.
Ijyb zaps a wand.
The bolt of acid hits you!
You are splashed with acid!
The acid burns!
You hit Ijyb but do no damage.
Ijyb is moderately wounded.
You hit the orc.
Ijyb zaps a wand.
The bolt of acid hits you!
You are splashed with acid!
The acid burns!
* * * LOW HITPOINT WARNING * * *
The orc hits you with a mace.
* * * LOW HITPOINT WARNING * * *
It was a potion of magic.
Magic courses through your body.
Ijyb zaps a wand.
The bolt of acid hits you!
You die...

# #### ###### ###
...# #....###.###
...#
##.....#..@g##
...#
##..........oo#
..##
#........###....#
...###........##
##..((#
.#..#..........#
##((.
.##............#
#.
####...<.......#
#...........#
#.).........# ###


You could see Ijyb, an orc wizard and an orc.

Vanquished Creatures
  A necrophage (D:4)
  An ogre (D:4)
  A centaur (D:5)
  2 scorpions (D:5)
  2 crimson imps
  2 hounds
  A bullfrog skeleton (D:4)
  An iguana (D:4)
  4 worker ants
  3 hound skeletons
  A howler monkey zombie (D:5)
  4 adders
  2 dart slugs (D:1)
  A leopard gecko (D:1)
  8 orcs
  2 giant cockroaches
  7 goblins
  9 hobgoblins
  9 jackals
  3 quokkas
  7 bats
  5 frilled lizards
  5 kobolds
  A leopard gecko skeleton (D:4)
  6 rats
88 creatures vanquished.

Notes
Turn   | Place    | Note
-------+----------+-------------------------------------------
     0 | D:1      | teukkam the Gnoll Wanderer began the quest for the Orb.
     0 | D:1      | teukkam set off with: a +0 shield, a +0 shortbow, 30 arrows, a potion of curing, a +0 robe, a +0 club, a ration
     0 | D:1      | Reached XP level 1. HP: 26/26 MP: 1/1
    90 | D:1      | Reached XP level 2. HP: 33/33 MP: 2/2
   372 | D:1      | Reached XP level 3. HP: 38/38 MP: 3/3
   724 | D:2      | Reached skill level 1 in Invocations
   764 | D:2      | Found a sparkling altar of Nemelex Xobeh.
   764 | D:2      | Found an ornate altar of the Wu Jian Council.
   778 | D:2      | Became a worshipper of the Wu Jian Council
   899 | D:2      | Found an iron altar of Okawaru.
   918 | D:2      | Reached skill level 1 in Short Blades
   918 | D:2      | Reached skill level 1 in Long Blades
   918 | D:2      | Reached skill level 1 in Maces & Flails
   918 | D:2      | Reached skill level 1 in Polearms
   918 | D:2      | Reached skill level 1 in Staves
   918 | D:2      | Reached skill level 1 in Slings
   918 | D:2      | Reached skill level 1 in Crossbows
   918 | D:2      | Reached skill level 1 in Throwing
   918 | D:2      | Reached skill level 1 in Dodging
   918 | D:2      | Reached skill level 1 in Stealth
   918 | D:2      | Reached skill level 1 in Unarmed Combat
   918 | D:2      | Reached skill level 1 in Spellcasting
   918 | D:2      | Reached skill level 1 in Evocations
  1249 | D:2      | Reached XP level 4. HP: 39/45 MP: 5/5
  1604 | D:4      | Noticed an ogre
  1625 | D:4      | Killed an ogre
  1625 | D:4      | Reached skill level 1 in Conjurations
  1625 | D:4      | Reached skill level 1 in Hexes
  1625 | D:4      | Reached skill level 1 in Charms
  1625 | D:4      | Reached skill level 1 in Summonings
  1625 | D:4      | Reached skill level 1 in Necromancy
  1625 | D:4      | Reached skill level 1 in Translocations
  1625 | D:4      | Reached skill level 1 in Transmutations
  1625 | D:4      | Reached skill level 1 in Fire Magic
  1625 | D:4      | Reached skill level 1 in Ice Magic
  1625 | D:4      | Reached skill level 1 in Air Magic
  1625 | D:4      | Reached skill level 1 in Earth Magic
  1625 | D:4      | Reached skill level 1 in Poison Magic
  1625 | D:4      | Reached XP level 5. HP: 31/51 MP: 5/7
  1710 | D:4      | Noticed a necrophage
  1732 | D:4      | Killed a necrophage
  1732 | D:4      | Reached XP level 6. HP: 37/56 MP: 8/8
  2012 | D:4      | Reached skill level 5 in Armour
  2012 | D:4      | Reached skill level 5 in Shields
  2107 | D:4      | Noticed Sigmund
  2180 | D:3      | Reached * piety under Wu Jian
  2492 | D:3      | Found a shattered altar of Ashenzari.
  3162 | D:4      | Reached XP level 7. HP: 62/62 MP: 10/10
  3271 | D:5      | Entered Level 5 of the Dungeon
  3595 | D:5      | Found a blossoming altar of Fedhas.
  3595 | D:5      | Found a hide-covered altar of Uskayaw.
  3842 | D:5      | Found an ancient bone altar of Kikubaaqudgha.
  3906 | D:5      | Reached skill level 9 in Fighting
  4345 | D:5      | Noticed Ijyb
  4356 | D:5      | Killed from afar by Ijyb

Vault maps used:
D:1:      lemuel_arrival_behind_the_door_small
D:2:      lemuel_doored_altar, chequers_temple_overflow_statue_of_worship,
          kennysheep_doodads
D:3:      ashenzari_altar_1, first_ration
D:4:      uniq_sigmund
D:5:      gammafunk_temple_overflow_statue, minmay_misc_feat_pillars,
          lemuel_tele_altar, uniq_ijyb

Skill      XL: |  1  2  3  4  5  6  7 |
---------------+----------------------+-----
Invocations    | 1 2 3 |  3.0
Short Blades   | 1 2 |  2.7
Long Blades    | 1 2 |  2.7
Maces & Flails | 1 2 |  2.7
Polearms       | 1 2 |  2.7
Staves         | 1 2 |  2.7
Slings         | 1 2 |  2.7
Crossbows      | 1 2 |  2.7
Throwing       | 1 2 |  2.7
Dodging        | 1 2 |  2.7
Stealth        | 1 2 |  2.7
Unarmed Combat | 1 2 |  2.7
Spellcasting   | 1 2 |  2.7
Evocations     | 1 2 |  2.7
Axes           | 3 |  3.8
Bows           | 3 |  3.8
Conjurations   | 1 2 |  2.2
Hexes          | 1 2 |  2.2
Charms         | 1 2 |  2.2
Summonings     | 1 2 |  2.2
Necromancy     | 1 2 |  2.2
Translocations | 1 2 |  2.2
Transmutations | 1 2 |  2.2
Fire Magic     | 1 2 |  2.2
Ice Magic      | 1 2 |  2.2
Air Magic      | 1 2 |  2.2
Earth Magic    | 1 2 |  2.2
Poison Magic   | 1 2 |  2.2
Armour         | 5 |  5.3
Shields        | 5 |  5.3
Fighting       | 9 |  9.0

Action                   |  1- 3 |  4- 6 |  7- 9 || total
-------------------------+-------+-------+-------++-------
Melee: Club              |    89 |    46 |       ||   135
       Bite              |     9 |    18 |    10 ||    37
       Hand axe          |       |   105 |    66 ||   171
       Punch             |       |     1 |       ||     1
 Fire: Shortbow          |    47 |    48 |    39 ||   134
Throw: Javelin           |       |       |     4 ||     4
Invok: Lunge             |     2 |     3 |     1 ||     6
       Whirlwind         |       |     4 |    29 ||    33
  Use: Scroll            |       |     3 |       ||     3
       Potion            |       |       |     1 ||     1
  Eat: Chunk             |     1 |     5 |       ||     6
       Ration            |       |     1 |     1 ||     2
Armor: Robe              |     1 |       |       ||     1
       Leather armour    |    25 |       |       ||    25
       Chain mail        |     1 |    87 |    36 ||   124
Dodge: Dodged            |    69 |    76 |    25 ||   170

Table legend:
 A = Spawn XP
 B = Non-spawn XP
 C = Spawn XP percentage of total XP
 D = Spawn monster count
 E = Non-spawn monster count
 F = Spawn count percentage of total count
 G = Total turns spent on level
                    A         B        C        D         E        F      G
               +---------+---------+-------+---------+---------+-------+---------
         Total |       0 |    1136 |   0.0 |       0 |      88 |   0.0 |  4356
               +---------+---------+-------+---------+---------+-------+---------
           D:1 |       0 |      51 |   0.0 |       0 |      27 |   0.0 |   707
           D:2 |       0 |      36 |   0.0 |       0 |      15 |   0.0 |   662
           D:3 |       0 |     130 |   0.0 |       0 |      13 |   0.0 |  1069
           D:4 |       0 |     448 |   0.0 |       0 |      19 |   0.0 |   852
           D:5 |       0 |     471 |   0.0 |       0 |      14 |   0.0 |  1066
               +---------+---------+-------+---------+---------+-------+---------
